 Dungeon Crawl Stone Soup version 0.19.0-20-gbc5f0c6 (webtiles) character file.

2453 shmeve the Blocker (level 9, -4/80 HPs)
             Began as a Minotaur Berserker on Nov 17, 2016.
             Was an Elder of Trog.
             Succumbed to a hornet's poison
             ... on level 7 of the Dungeon.
             The game lasted 00:10:52 (4926 turns).

shmeve the Blocker (Minotaur Berserker)             Turns: 4926, Time: 00:10:52

Health: -4/80      AC: 13    Str: 27    XL:     9   Next: 25%
Magic:  8/8        EV:  7    Int:  4    God:    Trog [****..]
Gold:   346        SH: 12    Dex: 10    Spells: 0 memorised, 8 levels left

rFire  . . .     SeeInvis .     y - +0 war axe
rCold  . . .     Gourm    .     D - +0 plate armour
rNeg   . . .     Faith    .     e - +0 shield
rPois  .         Spirit   .     (helmet restricted)
rElec  .         Reflect  .     (no cloak)
rCorr  .         Harm     .     A - +0 pair of gloves
MR     ++...                    (no boots)
Stlth  ..........               d - amulet of regeneration
                                a - +2 ring of strength
                                (no ring)

@: lethally poisoned (-4 -> -22), regenerating, slowed, very slow
A: retaliatory headbutt, horns 2
a: Berserk, Trog's Hand, Brothers in Arms, Burn Spellbooks, Renounce Religion


You were on level 7 of the Dungeon.
You worshipped Trog.
Trog was greatly pleased with you.
You were hungry.

You visited 2 branches of the dungeon, and saw 8 of its levels.

You collected 346 gold pieces.

Inventory:

Hand Weapons
 y - a +0 war axe (weapon)
Armour
 e - a +0 shield (worn)
 A - a +0 pair of gloves (worn)
 D - a +0 plate armour (worn)
Jewellery
 a - a +2 ring of strength (right hand)
 d - an amulet of regeneration (around neck)
Wands
 s - a wand of digging (7/24)
Scrolls
 i - 7 scrolls of identify {unknown}
 j - 6 scrolls of remove curse
 o - a scroll of enchant weapon {unknown}
 q - 3 scrolls of teleportation {unknown}
 r - a scroll of fear {unknown}
 t - 5 scrolls of magic mapping {unknown}
 v - 2 scrolls of amnesia {unknown}
 x - 2 scrolls of blinking {unknown}
 z - 3 scrolls of recharging {unknown}
Potions
 f - a potion of resistance {unknown}
 g - 2 potions of degeneration {unknown}
 h - a potion of haste {unknown}
 k - 4 potions of agility
 l - 4 potions of curing {unknown}
 m - a potion of flight {unknown}
 p - 4 potions of lignification {unknown}
 w - a potion of mutation {unknown}
Comestibles
 b - 4 beef jerkies
 c - 3 bread rations
 n - 2 meat rations
 C - 2 chunks of flesh


   Skills:
 * Level 7.7 Fighting
 * Level 7.4 Axes
 + Level 3.7 Throwing
 + Level 5.0 Armour
 + Level 4.6 Dodging
 * Level 8.4 Shields


You had 8 spell levels left.
You didn't know any spells.

Dungeon Overview and Level Annotations

Branches:
Dungeon (7/15)             Temple (1/1) D:5

Altars:
Cheibriados
Dithmenos
Kikubaaqudgha
Makhleb
Nemelex Xobeh
Vehumet
Yredelemnul
Zin


Innate Abilities, Weirdness & Mutations

You reflexively headbutt those who attack you in melee.
You have a pair of horns on your head.


Message History

You block the hornet's attack.
Your skin crawls.
You feel resistant to hostile enchantments.
You are feeling hungry.
You feel very sick. The hornet stings you.
* * * LOW HITPOINT WARNING * * *
You are lethally poisoned!
You feel as though you will be slow longer.
You block the crimson imp's attack. The hornet stings you!
* * * LOW HITPOINT WARNING * * *
You are more poisoned.
You feel as though you will be slow longer.
You block the crimson imp's attack.
Unknown command.
Unknown command.
You miss the hornet.
The hornet is almost dead.
Your plate armour prevents you from hitting the crimson imp.
You die...

##.##...####.........####...#.#.
#. ##.## ##.......## #......#. #
#.# ##.....## ##...###. ..#
##...## ##...... ##.# ##'##
#.##### #. #.# #.# #.# #.#
##.#########.# #@........##.#
#y.5..##.<....# ..#....##.#.####
##.##.#.##.#.# . .......#.# ##
###.####.# .# #.# . ..# ###


You could see a hornet and a crimson imp.

Vanquished Creatures
  Pikel (D:4)
  Sigmund (D:4)
  A yak (D:5)
  Menkaure (D:4)
  An orc warrior (D:6)
  3 slaves (D:4)
  A necrophage (D:5)
  3 centaurs
  2 big kobolds
  2 scorpions (D:5)
  A howler monkey (D:6)
  2 crimson imps
  A centaur zombie (D:7)
  A quasit (D:7)
  2 centaur skeletons (D:6)
  3 hounds
  4 orc priests
  A jelly (D:7)
  6 orc wizards
  An iguana (D:7)
  2 worker ants
  A hound zombie (D:5)
  A hound skeleton (D:5)
  Robin (D:3)
  A howler monkey zombie (D:6)
  6 adders
  A river rat (D:6)
  A shadow imp (D:5)
  An ooze (D:3)
  5 worms
  2 dart slugs
  A leopard gecko (D:3)
  19 orcs
  3 ball pythons
  3 bats
  8 giant cockroaches
  12 goblins
  14 hobgoblins
  8 jackals (D:4)
  17 kobolds
  2 quokkas
  8 frilled lizards
  5 rats
160 creatures vanquished.

Vanquished Creatures (others)
  An ogre (D:4)
  An orc wizard (D:3)
  An orc (D:4)
  A quokka (D:4)
4 creatures vanquished.

Grand Total: 164 creatures vanquished

Notes
Turn   | Place    | Note
-------+----------+-------------------------------------------
     0 | D:1      | shmeve the Minotaur Berserker began the quest for the Orb.
     0 | D:1      | Reached XP level 1. HP: 19/19 MP: 0/0
    49 | D:1      | Reached skill level 1 in Shields
   269 | D:1      | Reached skill level 2 in Shields
   269 | D:1      | Reached XP level 2. HP: 26/27 MP: 1/1
   726 | D:1      | Reached skill level 3 in Shields
   911 | D:2      | Reached ** piety under Trog
   911 | D:2      | Reached XP level 3. HP: 33/33 MP: 2/2
  1082 | D:2      | Found a sparkling altar of Nemelex Xobeh.
  1333 | D:3      | Reached skill level 4 in Shields
  1368 | D:3      | Found an ancient bone altar of Kikubaaqudgha.
  1440 | D:3      | Noticed a big kobold
  1489 | D:3      | Reached XP level 4. HP: 38/40 MP: 3/3
  1493 | D:3      | Noticed Robin
  1495 | D:3      | Reached skill level 5 in Shields
  1502 | D:3      | Killed Robin
  1697 | D:3      | Reached XP level 5. HP: 34/46 MP: 4/4
  1944 | D:3      | Reached skill level 6 in Shields
  1944 | D:3      | Reached XP level 6. HP: 20/53 MP: 5/5
  2440 | D:3      | Reached skill level 1 in Throwing
  2567 | D:4      | Noticed a slave
  2569 | D:4      | Noticed Pikel
  2569 | D:4      | Noticed a slave
  2575 | D:4      | Noticed a slave
  2578 | D:4      | Noticed a slave
  2582 | D:4      | Killed a slave
  2584 | D:4      | Killed Pikel
  2584 | D:4      | Reached skill level 5 in Fighting
  2584 | D:4      | Reached skill level 5 in Axes
  2584 | D:4      | Reached XP level 7. HP: 25/61 MP: 6/6
  2672 | D:4      | Noticed Sigmund
  2691 | D:4      | Killed Sigmund
  2691 | D:4      | Reached *** piety under Trog
  2691 | D:4      | Reached skill level 7 in Shields
  2861 | D:4      | Noticed Menkaure
  2867 | D:4      | Killed Menkaure
  2867 | D:4      | Reached XP level 8. HP: 21/70 MP: 7/7
  3045 | D:5      | Entered Level 5 of the Dungeon
  3065 | D:5      | Found a staircase to the Ecumenical Temple.
  3142 | Temple   | Entered the Ecumenical Temple
  4053 | D:5      | Found a snail-covered altar of Cheibriados.
  4058 | D:5      | Found a radiant altar of Vehumet.
  4060 | D:5      | Found a glowing silver altar of Zin.
  4061 | D:5      | Found a basalt altar of Yredelemnul.
  4064 | D:5      | Found a burning altar of Makhleb.
  4161 | D:6      | Reached skill level 8 in Shields
  4446 | D:6      | Reached **** piety under Trog
  4452 | D:6      | Reached XP level 9. HP: 79/79 MP: 8/8
  4498 | D:6      | Found a glowing drain.
  4813 | D:7      | Reached skill level 5 in Armour
  4921 | D:7      | Paralysed by a hornet for 3 turns
  4925 | D:7      | HP: 1/80 [hornet (9)]
  4926 | D:7      | Succumbed to a hornet's poison

Skill      XL: |  1  2  3  4  5  6  7  8  9 |
---------------+----------------------------+-----
Shields        | 2 3 4 5 6 7 8 |  8.4
Fighting       | 4 5 6 7 |  7.7
Axes           | 4 5 7 |  7.4
Throwing       | 1 2 3 |  3.7
Armour         | 3 4 5 |  5.0
Dodging        | 3 4 |  4.6

Action                   |  1- 3 |  4- 6 |  7- 9 || total
-------------------------+-------+-------+-------++-------
Melee: Hand axe          |    72 |   130 |    50 ||   252
       Headbutt          |    14 |    25 |    46 ||    85
       War axe           |       |       |   164 ||   164
Invok: Berserk           |       |     2 |     2 ||     4
       Trog's Hand       |       |     3 |     1 ||     4
  Use: Scroll            |     1 |       |     1 ||     2
 Stab: Sleeping          |     1 |       |       ||     1
  Eat: Chunk             |     2 |     5 |    11 ||    18
Armor: Animal skin       |    13 |    21 |       ||    34
       Chain mail        |       |       |    58 ||    58
       Plate armour      |       |       |    31 ||    31
Dodge: Dodged            |    62 |    58 |    53 ||   173
Block: Shield            |       |    73 |   143 ||   216
